AoeStats
← Kaiser Ze

Arena

509608534Analyzed
1v1 RM · 5d ago on Sep 27, 2026· 30m 59s· 2 players
Game mode
Random Map
Map size
Tiny (2 player)
Population
200
Speed
Normal
Resources
Standard
Victory
Conquest
Starting age
Dark Age
Ending age
Imperial Age
RankedLock teamsTeams togetherTeam positionsShared explorationLock speedFull tech treeHidden civsTurbo modeCheats
Victory
Defeat
🇨🇳 Japanese · China
1264
+17
🇹🇼 Varangians · Taiwan
1296
-17
Kaiser Ze
10:26 Feudal Age
15:14 Castle Age
13:27 Double-Bit Axe
14:20 Gold Mining
17:07 Arson
17:24 Squires
17:10 Gambesons
17:27 Scale Mail Armor
24:52 Forging
29:32 Chain Mail Armor
貓妖
9:58 Feudal Age
11:02 Loom
14:00 Castle Age
12:09 Double-Bit Axe
12:26 Horse Collar
19:36 Wheelbarrow
21:00 Masonry
22:18 Fortified Wall
26:24 Bow Saw
26:16 Heavy Plow
26:16 Town Watch
Connection lost

Rejoining the realm…

Still unreachable

The connection could not be restored.

Session expired

The server has moved on; the page needs a fresh start.